 Seeded DCSS version 0.29-a0-231-g945431f764 (webtiles) character file.

Game seed: 684492102606385270 (custom seed)

88 mcwallace the Firebug (level 4, -2/32 HPs)
             Began as a Formicid Fire Elementalist on Mar 1, 2022.
             Slain by an adder (3 damage)
             ... on level 3 of the Dungeon.
             The game lasted 00:03:52 (2094 turns).

mcwallace the Firebug (Formicid Fire Elementalist)  Turns: 2094, Time: 00:03:53

Health: -2/32      AC:  3    Str: 13    XL:     4   Next: 82%
Magic:  0/8        EV: 12    Int: 16    God:
Gold:   109        SH:  0    Dex: 11    Spells: 5/8 levels left

rFire   . . .      SeeInvis +   e - +0 dagger {short}
rCold   . . .      Faith    .   (no shield)
rNeg    . . .      Spirit   .   a - +0 robe
rPois   .          Reflect  .   (helmet unavailable)
rElec   .          Harm     .   (no cloak)
rCorr   .          Rampage  .   (no gloves)
Will    .....                   y - +0 pair of boots
Stlth   ++........              (no amulet)
HPRegen 0.10/turn               (no ring)
MPRegen 0.11/turn               (no ring)

@: no status effects
A: permanent stasis, dig shafts and tunnels, antennae 3, four strong arms
a: Dig, Shaft Self


You were on level 3 of the Dungeon.
You visited 1 branch of the dungeon, and saw 3 of its levels.

You collected 109 gold pieces.


Innate Abilities, Weirdness & Mutations

You cannot be hasted, slowed, berserked, paralysed or teleported.
You can dig through walls and to a lower floor.
You have a pair of large antennae on your head. (SInv)
Your four strong arms can wield two-handed weapons with a shield.


   Skills:
 + Level 1.6 Fighting
 + Level 1.4 Armour
 + Level 2.3 Dodging
 - Level 2.4 Stealth
 + Level 2.7 Spellcasting
 + Level 1.5 Conjurations
 + Level 3.4 Fire Magic


You had 5 spell levels left.
You knew the following spells:

 Your Spells              Type           Power      Damage    Failure   Level
a - Foxfire               Conj/Fire      40%        2x1d6     7%          1
b - Scorch                Fire           26%        2d6       7%          2

Your spell library contained the following spells:

 Spells                   Type           Power      Damage    Failure   Level
 Conjure Flame            Conj/Fire      10%        6-21      21%         3
 Inner Flame              Hex/Fire       7%         N/A       28%         3
 Flame Wave               Conj/Fire      10%        2d5       56%         4

Inventory:

Hand Weapons
 e - a +0 dagger (weapon) {short}
   (You found it on level 1 of the Dungeon)
 p - a +2 antimagic dagger {short}
   (You took it off Jessica on level 2 of the Dungeon)
Missiles
 k - 57 stones {throwing}
 v - 5 atropa-tipped darts {throwing}
Armour
 a - a +0 robe (worn)
 c - a +0 robe
   (You found it on level 1 of the Dungeon)
 q - a +0 robe
   (You took it off Jessica on level 2 of the Dungeon)
 s - a +0 leather armour
   (You found it on level 2 of the Dungeon)
 t - a +0 chain mail
   (You found it on level 2 of the Dungeon)
 u - a +0 ring mail
   (You found it on level 2 of the Dungeon)
 y - a +0 pair of boots (worn)
   (You found it on level 2 of the Dungeon)
Wands
 z - a wand of paralysis (8)
   (You found it on level 3 of the Dungeon)
Scrolls
 b - a scroll of holy word {unknown}
 d - a scroll of magic mapping {unknown}
 g - a scroll of summoning {unknown}
 i - a scroll of teleportation {unknown}
 j - a scroll of fear {unknown}
 l - a scroll of enchant weapon {unknown}
 n - a scroll of vulnerability {unknown}
 o - 3 scrolls of identify {unknown}
 r - a scroll of amnesia {unknown}
Potions
 f - a potion of resistance {unknown}
 h - 3 potions of mutation {unknown}
 m - 3 potions of haste {unknown}
 w - a potion of degeneration {unknown}
 x - a potion of curing {unknown}

Dungeon Overview and Level Annotations

Branches:
Dungeon (3/15)

Altars:
Ashenzari

Shops:
D:2

* ........ ..#.####
..... ..#.# ....
..#.# ... ..#.# #.#
#.#.############.####
....##..............#
#.####..............#
...............S@...#
#+.###..............#
?....#..............#
.....#.........$....#
.....#..............#
.....#.$............#
#+####..............+
# #..............# #


You could see an adder (combustible).


Message History

Casting: Scorch (safe; 7% risk of failure)
Confirm with . or Enter, or press ? or * to list all spells.
You conjure some foxfire! 😮 HP[+1] MP[-1]
You lost 1 mp, and now have 0/8 mp.
The foxfire hits the adder. x2; The adder barely misses you. 😮 MP[+1]
The kobold misses you. The kobold hits you but does no damage.
The adder barely misses you. The adder bites you. 😮 HP[-1]
You take 1 damage, and now have 17/32 hp. 😮 HP[+1]
You closely miss the adder. The adder barely misses you.
The adder misses you. 😮 MP[+1]
You closely miss the adder. The adder bites you.
* * * LOW HITPOINT WARNING * * *
You are poisoned.
The adder poisons you! 😨 HP[-3]
You take 3 damage, and now have 15/32 hp.
You closely miss the adder.
You feel sick. The adder closely misses you. 😨 HP[-1]
You take 1 damage, and now have 14/32 hp.
Unknown command.
Casting: Foxfire (safe; 7% risk of failure)
Confirm with . or Enter, or press ? or * to list all spells.
You miscast Scorch.
You are very lightly contaminated with residual magic.
Nothing appears to happen.
You feel sick. The adder completely misses you.
The adder closely misses you. 😨 HP[-1] MP[-2]
You take 1 damage, and now have 13/32 hp.
You lost 2 mp, and now have 0/8 mp.
You feel sick. 😨 HP[-1]
You take 1 damage, and now have 12/32 hp.
You feel sick.
Things that are here:
a +0 dagger {short}; a +0 leather armour; the goblin corpse of Ijyb 😨 HP[-1]
You take 1 damage, and now have 11/32 hp.
Okay, then.
You feel sick.
You are no longer poisoned.
The adder bites you.
* * * LOW HITPOINT WARNING * * *
You are poisoned.
The adder poisons you! 😨 HP[-2]
You take 2 damage, and now have 9/32 hp.
You feel sick. 😱 HP[-1]
You take 1 damage, and now have 8/32 hp.
You feel sick.
You see here a wand of paralysis (9). 😱 HP[-1]
You take 1 damage, and now have 7/32 hp.
z - a wand of paralysis (9)
You feel sick. The adder closely misses you. The adder bites you.
* * * LOW HITPOINT WARNING * * *
😱 HP[-4] MP[+1]
You take 4 damage, and now have 3/32 hp.
Aiming: Paralyse
Press: ? - help, Q - select action, (/) - cycle Shift-Dir - straight line, f - adder
Aim: an adder (moderately wounded, chance to affect: 57%)
The adder suddenly stops moving!
* * * LOW HITPOINT WARNING * * *
You feel sick.
Your magical contamination has completely faded away. 😱 HP[-1]
You take 1 damage, and now have 2/32 hp.
* * * LOW HITPOINT WARNING * * *
You feel sick.
You are no longer poisoned. 😱 HP[-1]
You take 1 damage, and now have 1/32 hp.
The kobold hits you but does no damage.
Found a stone staircase leading down. 😱 MP[+1] 😱 HP[+1] 😱 MP[+1] 😱 HP[+1]
The kobold hits you but does no damage.
Casting: Scorch (safe; 7% risk of failure)
Confirm with . or Enter, or press ? or * to list all spells.
Flames lash the kobold.
You kill the kobold! 😱 MP[-1]
You lost 1 mp, and now have 2/8 mp.
Casting: Scorch (safe; 7% risk of failure)
Confirm with . or Enter, or press ? or * to list all spells.
Flames lash the adder.
The adder's fire resistance burns away.
The adder bites you.
* * * LOW HITPOINT WARNING * * *
😱 HP[-2] MP[-2]
You take 2 damage, and now have 1/32 hp.
You lost 2 mp, and now have 0/8 mp.
You hit the adder. The adder bites you.
You die...

Skill      XL: |  1  2 |
---------------+-------+-----
Conjurations   | 1 |  1.5
Fighting       | 1 |  1.6
Armour         | 1 |  1.4
Dodging        | 2 |  2.3
Stealth        | |  2.4
Spellcasting   | |  2.7
Fire Magic     | |  3.4

Action                   |  1- 3 |  4- 6 || total
-------------------------+-------+-------++-------
Melee: Unarmed           |     3 |       ||     3
       Dagger            |     4 |    24 ||    28
 Cast: Foxfire           |    51 |    22 ||    73
       Scorch            |       |     5 ||     5
Evoke: Wand              |       |     1 ||     1
 Stab: Sleeping          |     1 |       ||     1
Armor: Robe              |     2 |     8 ||    10
Dodge: Dodged            |     6 |    18 ||    24

Levels and vault maps discovered:
D:1:      dpeg_arrival_rhombus, layout_basic, hellmonk_ecumenical_altar_run_dry
D:2:      layout_rooms, serial_shops, shop_fountains, basic_altar,
          nicolae_figureground_sparkle, uniq_jessica
D:3:      layout_basic, uniq_robin, uniq_ijyb

Notes
Turn   | Place    | Note
-------+----------+-------------------------------------------
     0 | D:1      | mcwallace the Formicid Fire Elementalist began the quest
                  | for the Orb.
     0 | D:1      | Reached XP level 1. HP: 13/13 MP: 3/3
     0 | D:1      | magus.rc [v1.9.6]
   327 | D:1      | Found a faded altar of an unknown god.
   332 | D:1      | Reached skill level 1 in Conjurations
   414 | D:1      | Reached XP level 2. HP: 13/20 MP: 0/5
   794 | D:2      | Noticed Jessica
   798 | D:2      | Killed Jessica
   799 | D:2      | Reached skill level 1 in Fighting
   799 | D:2      | Reached skill level 1 in Armour
   799 | D:2      | Reached skill level 2 in Dodging
   799 | D:2      | Reached XP level 3. HP: 26/26 MP: 2/6
   804 | D:2      | Learned a level 2 spell: Scorch
  1019 | D:2      | Found Usau's General Store.
  1027 | D:2      | Found a broken altar of Ashenzari.
  1586 | D:2      | Reached XP level 4. HP: 32/32 MP: 3/7
  2001 | D:3      | Noticed Ijyb
  2033 | D:3      | Killed Ijyb
  2063 | D:3      | HP: 8/32 [poisoned by an adder]
  2065 | D:3      | HP: 3/32 [adder (4)]
  2067 | D:3      | HP: 1/32 [poisoned by an adder]
  2093 | D:3      | HP: 1/32 [adder (2)]
  2094 | D:3      | Slain by an adder

Vanquished Creatures
  Jessica (D:2)
  Ijyb (D:3)
  An adder (D:2)
  A worm (D:2)
  An endoplasm (D:2)
  4 giant cockroaches
  2 goblins (D:2)
  4 kobolds
  2 quokkas
  6 ball pythons
  3 frilled lizards
  4 rats
30 creatures vanquished.

Vanquished Creatures (others)
  125 foxfires
125 creatures vanquished.

Grand Total: 155 creatures vanquished

Table legend:
 A = Non-vault XP
 B = Vault XP
 C = Vault XP percentage of total XP
 D = Non-vault monster count
 E = Vault monster count
 F = Vault count percentage of total count
                 A         B        C        D         E       F
            +---------+---------+-------+---------+---------+-------
      Total |      54 |      73 |  57.5 |      28 |       2 |   6.7
            +---------+---------+-------+---------+---------+-------
        D:1 |      11 |       0 |   0.0 |       8 |       0 |   0.0
        D:2 |      39 |      37 |  48.7 |      17 |       1 |   5.6
        D:3 |       4 |      36 |  90.0 |       3 |       1 |  25.0
            +---------+---------+-------+---------+---------+-------

Illustrated notes

Table legend:
 A = Kills in this place as a percentage of kills in entire the game.
 B = Kills by you in this place as a percentage of kills by you in the entire game.
 C = Kills by friends in this place as a percentage of kills by friends in the entire game.
 D = Other kills in this place as a percentage of other kills in the entire game.
 E = Experience gained in this place as a percentage of experience gained in the entire game.
 F = Experience gained in this place divided by the number of levels of this place that you have seen.
                   A       B       C       D       E      F
               +-------+-------+-------+-------+-------+----------------------
         Total | 100.0 | 100.0 |   N/A |   N/A | 100.0 |  42.3
       Dungeon | 100.0 | 100.0 |   N/A |   N/A | 100.0 |  42.3
               +-------+-------+-------+-------+-------+----------------------

Table legend: (Time is in decaauts)
 A = Elapsed time spent in this place.
 B = Non-inter-level travel time spent in this place.
 C = Inter-level travel time spent in this place.
 D = Time resting spent in this place.
 E = Time spent auto-exploring this place.
 F = Levels seen in this place.
 G = Mean time per level.
                   A        B        C        D        E       F      G
               +--------+--------+--------+--------+--------+-----+--------+
         Total |   2092 |   2043 |     49 |      0 |   1746 |   3 |  697.3 |
       Dungeon |   2092 |   2043 |     49 |      0 |   1746 |   3 |  697.3 |
               +--------+--------+--------+--------+--------+-----+--------+

Top non-repeatable levels by time:
     D:2: 1113 daAuts
     D:1: 793 daAuts
     D:3: 184 daAuts
